 Dungeon Crawl Stone Soup version 0.21.1-1-g345015f (webtiles) character file.

23590 Hebeh the Cleaver (level 12, -8/110 HPs)
             Began as a Deep Dwarf Fighter on June 17, 2018.
             Was a High Priest of Makhleb.
             Mangled by Rupert
             ... wielding a +2 battleaxe of flaming
              (22 damage)
             ... on level 3 of the Lair of Beasts.
             The game lasted 01:19:37 (11070 turns).

Hebeh the Cleaver (Deep Dwarf Fighter)             Turns: 11070, Time: 01:19:38

Health: -8/110     AC: 15    Str: 26    XL:     12   Next: 73%
Magic:  1/1        EV:  8    Int:  8    God:    Makhleb [*****.]
Gold:   632        SH:  8    Dex: 12    Spells: 11/11 levels left

rFire    . . .     SeeInvis +   a - +0 war axe
rCold    . . .     Gourm    .   p - +2 buckler
rNeg     + . .     Faith    .   z - +0 chain mail {rPois}
rPois    +         Spirit   .   s - +2 helmet
rElec    .         Reflect  .   D - scarf {repulsion}
rCorr    .         Harm     .   x - +0 pair of gloves
MR       +....                  (no boots)
Stlth    ..........             (no amulet)
HPRegen  0.00/turn              G - ring of see invisible
MPRegen  0.07/turn              k - ring of positive energy

@: non-regenerating, drained, repel missiles
A: damage resistance, heal wounds, sense surroundings 2, no regeneration
a: Heal Wounds, Minor Destruction, Lesser Servant of Makhleb, Major Destruction,
Greater Servant of Makhleb, Renounce Religion


You were on level 3 of the Lair of Beasts.
You worshipped Makhleb.
Makhleb was extremely pleased with you.
You were not hungry.

You visited 2 branches of the dungeon, and saw 13 of its levels.
You also visited: Ice Cave and Volcano.

You collected 730 gold pieces.
You spent 98 gold pieces at shops.

Inventory:

Hand Weapons
 a - a +0 war axe (weapon)
 b - a +2 whip of flaming
Armour
 p - a +2 buckler (worn)
 s - a +2 helmet (worn)
 x - a +0 pair of gloves (worn)
 z - a +0 chain mail of poison resistance (worn)
 D - a scarf of repulsion (worn)
 F - a +0 plate armour
Jewellery
 k - a ring of positive energy (right hand)
 G - a ring of see invisible (left hand)
Wands
 c - a wand of iceblast (5)
 y - a wand of digging (37)
Scrolls
 g - 3 scrolls of enchant weapon {unknown}
 h - 2 scrolls of fear {unknown}
 i - 6 scrolls of teleportation
 j - 12 scrolls of remove curse
 l - a scroll of immolation {unknown}
 o - 2 scrolls of blinking {unknown}
 q - a scroll of enchant armour {unknown}
 u - 2 scrolls of amnesia
 w - 4 scrolls of magic mapping
 A - 2 scrolls of fog {unknown}
 I - 2 scrolls of noise {unknown}
 K - 2 scrolls of identify
Potions
 d - a potion of might
 e - 3 potions of curing
 n - 3 potions of flight
 r - a potion of brilliance
 t - 2 potions of resistance
 v - a potion of invisibility
 B - 2 potions of mutation {unknown}
 C - a potion of ambrosia
 E - 2 potions of haste
 H - a potion of berserk rage
Books
 J - a book of Enchantments

   Spells                             Type                      Level
   a - Cause Fear                     Hexes                        4
   b - Yara's Violent Unravelling     Hexes/Transmutation          5
   c - Silence                        Hexes/Air                    5
   d - Deflect Missiles               Charms/Air                   6
   e - Discord                        Hexes                        8
Comestibles
 f - 22 rations
 m - 9 chunks of flesh


   Skills:
 - Level 7.7(7.2) Fighting
 + Level 13.8(14.4) Axes
 - Level 9.4(11.7) Maces & Flails
 - Level 9.1(8.7) Armour
 - Level 9.2(8.7) Shields
 - Level 8.0(7.5) Evocations


You had 11 spell levels left.
You didn't know any spells.

Dungeon Overview and Level Annotations

Branches:
Dungeon (10/15)            Temple (0/1) D:6            Lair (3/6) D:10
 Shoals (0/4) Lair:2          Orc (0/2) D:10
  Snake: Lair:2-4    Spider: Lair:2-4

Altars:
Cheibriados
Dithmenos
Elyvilon
Hepliaklqana
Kikubaaqudgha
Makhleb
Qazlal
Ru
Trog
Yredelemnul
Zin

Shops:
D:5 ?

Portals:
Trove: D:10 (give +6 demon whip)

Annotations:
Lair:3 Nergalle, Rupert


Innate Abilities, Weirdness & Mutations

You are resistant to damage.
You can heal yourself by infusing magical energy.
You passively map the area around you.
You do not regenerate.


Message History

Rupert hits you with a battleaxe of flaming!
* * * LOW HITPOINT WARNING * * *
Rupert burns you.
* * * LOW HITPOINT WARNING * * *
The spectral orc warrior hits you but does no damage.
You block the spectral orc warrior's attack.
You barely miss Rupert.
Rupert is moderately wounded.
You hit the spectral orc warrior but do no damage. x2
Rupert hits you with a battleaxe of flaming.
Rupert burns you.
You block the spectral orc warrior's attack.
The spectral orc warrior barely misses you.
The spectral orc warrior closely misses you.
You slash Rupert!
Rupert is heavily wounded.
You slash the spectral orc warrior!
You completely miss the spectral orc warrior.
Rupert hits you with a battleaxe of flaming!!
You die...

#.........# #.#(.## *
##.........# ###.P..###
###..........# ###........##
#.##.......#.# #.......#...##
##.##.........## #......P#....##
#..........##..####............##
#.>.........#..o.Z...............
##...........(.@ZZZ.....###.##.#.
##...........Z#@#....##.########
# #.#.......#P.####...####
###......####..# #.#.##
.#....#### #.o# ##### ..#..##
##.# .....# #.# ..#### * #@# ..#
#.#* .## * ...*


You could see Rupert (berserk), Nergalle and 4 spectral orc warriors.

Vanquished Creatures
  A dire elephant (Lair:2)
  The ghost of Statics the Martial Artist, a journeyman DsMo of Cheibriados (Lair:2)
  Fannar (Lair:3)
  A hydra (Lair:1)
  A two-headed ogre (D:8)
  Pikel (D:4)
  The ghost of Abmis123 the Changer, a novice MfTm of Qazlal (D:5)
  19 elephants (Lair:2)
  Joseph (D:9)
  3 spiny frogs
  2 komodo dragons
  2 rime drakes (Lair:1)
  A troll (D:10)
  5 blink frogs (Lair:2)
  5 hippogriffs
  A spriggan (Lair:2)
  16 yaks
  A hungry ghost (D:5)
  Eustachio (D:5)
  2 wargs (D:10)
  Menkaure (D:6)
  3 water moccasins (Lair:2)
  2 porcupines
  5 orc warriors (D:10)
  2 black bears
  2 ice beasts
  3 centaurs
  4 ogres
  4 crocodiles
  3 big kobolds
  Blork the orc (D:4)
  A gnoll sergeant (D:5)
  8 bullfrogs
  3 scorpions
  4 howler monkeys
  An electric eel (D:10)
  5 crimson imps
  2 bullfrog zombies
  4 hounds
  A quasit (D:10)
  5 jellies
  3 bullfrog skeletons
  4 orc priests
  11 orc wizards
  5 iguanas
  6 worker ants
  A hound skeleton (D:5)
  2 worker ant zombies
  Robin (D:2)
  5 gnolls (D:5)
  17 adders
  2 shadow imps
  3 oozes
  2 worms (D:2)
  3 dart slugs
  4 leopard geckos
  21 orcs
  2 ball pythons
  7 giant cockroaches
  21 goblins
  14 hobgoblins
  14 jackals
  8 quokkas
  7 bats
  A frilled lizard (D:7)
  2 gnoll zombies (D:8)
  A jackal skeleton (D:7)
  21 kobolds
  A leopard gecko skeleton (D:6)
  5 rats
  7 fungi (Lair:2)
  4 plants (Lair:2)
335 creatures vanquished.

Vanquished Creatures (others)
  An orc wizard (D:10)
  35 fungi (Lair:2)
  8 plants
44 creatures vanquished.

Grand Total: 379 creatures vanquished

Notes
Turn   | Place    | Note
-------+----------+-------------------------------------------
     0 | D:1      | Hebeh the Deep Dwarf Fighter began the quest for the Orb.
     0 | D:1      | Reached XP level 1. HP: 20/20 MP: 1/1
   179 | D:1      | Reached XP level 2. HP: 25/27 MP: 2/2
   815 | D:2      | Reached XP level 3. HP: 23/34 MP: 3/3
  1029 | D:2      | Noticed Robin
  1040 | D:2      | Killed Robin
  1040 | D:2      | Reached skill level 3 in Axes
  1040 | D:2      | Reached XP level 4. HP: 31/42 MP: 4/4
  1841 | D:3      | Reached XP level 5. HP: 29/49 MP: 5/5
  2015 | D:3      | Found an ancient bone altar of Kikubaaqudgha.
  2015 | D:3      | Found a burning altar of Makhleb.
  2016 | D:3      | Found a hazy altar of Hepliaklqana.
  2026 | D:3      | Became a worshipper of Makhleb the Destroyer
  2431 | D:3      | Found a snail-covered altar of Cheibriados.
  2523 | D:4      | Noticed an ogre
  2529 | D:4      | Killed an ogre
  2529 | D:4      | Reached XP level 6. HP: 46/57 MP: 6/6
  2536 | D:4      | Noticed Pikel
  2536 | D:4      | Noticed a slave
  2536 | D:4      | Noticed a slave
  2536 | D:4      | Noticed a slave
  2537 | D:4      | Noticed a slave
  2561 | D:4      | Killed Pikel
  2561 | D:4      | Reached skill level 4 in Axes
  2561 | D:4      | Reached skill level 5 in Armour
  2561 | D:4      | Reached skill level 5 in Shields
  2561 | D:4      | Reached XP level 7. HP: 42/66 MP: 7/7
  2672 | D:4      | Noticed Blork the orc
  2683 | D:4      | Killed Blork the orc
  2683 | D:4      | Reached * piety under Makhleb
  2683 | D:4      | Reached skill level 5 in Axes
  3009 | D:4      | Reached skill level 5 in Fighting
  3009 | D:4      | Reached XP level 8. HP: 44/74 MP: 8/8
  3061 | D:4      | Found a stormy altar of Qazlal.
  3382 | D:5      | Entered Level 5 of the Dungeon
  3382 | D:5      | Noticed Eustachio
  3630 | D:5      | Noticed Abmis123's ghost (novice MfTm)
  3633 | D:5      | Killed Eustachio
  3633 | D:5      | Reached skill level 1 in Evocations
  3701 | D:5      | Killed Abmis123's ghost
  3701 | D:5      | Reached skill level 6 in Axes
  3769 | D:5      | Found a shadowy altar of Dithmenos.
  3925 | D:5      | Found Hiuwkead's Magic Scroll Emporium.
  3936 | D:5      | Reached ** piety under Makhleb
  3936 | D:5      | Gained mutation: You passively map the area around you. [Deep Dwarf growth]
  3936 | D:5      | Reached XP level 9. HP: 39/82 MP: 10/10
  3952 | D:5      | Bought a scroll of remove curse for 42 gold pieces
  3952 | D:5      | Bought a scroll of identify for 28 gold pieces
  3952 | D:5      | Bought a scroll of identify for 28 gold pieces
  4855 | D:6      | Found a staircase to the Ecumenical Temple.
  4977 | D:6      | Reached skill level 7 in Axes
  4986 | D:6      | Noticed Menkaure
  4998 | D:6      | Killed Menkaure
  4998 | D:6      | Reached skill level 5 in Evocations
  5152 | D:7      | Found a white marble altar of Elyvilon.
  5546 | D:7      | Found a sacrificial altar of Ru.
  5981 | D:8      | Reached *** piety under Makhleb
  6177 | D:8      | Noticed a two-headed ogre
  6193 | D:8      | Killed a two-headed ogre
  6193 | D:8      | Reached skill level 8 in Axes
  6193 | D:8      | Reached XP level 10. HP: 56/92 MP: 13/13
  6326 | D:8      | Found a basalt altar of Yredelemnul.
  6637 | D:9      | Found a bloodstained altar of Trog.
  6838 | D:9      | Found a glowing silver altar of Zin.
  6839 | D:9      | Noticed an angel
  7163 | D:9      | Noticed Joseph
  7179 | D:9      | Killed Joseph
  7332 | D:10     | Entered Level 10 of the Dungeon
  7509 | D:10     | Reached **** piety under Makhleb
  7569 | D:10     | Found a staircase to the Lair.
  7871 | D:10     | Found a portal to a secret trove of treasure.
  8382 | D:10     | Found a staircase to the Orcish Mines.
  8437 | Lair:1   | Entered Level 1 of the Lair of Beasts
  8489 | D:10     | Reached skill level 9 in Axes
  8489 | D:10     | Reached skill level 1 in Maces & Flails
  8551 | Lair:1   | Reached XP level 11. HP: 46/102 MP: 12/12
  8608 | Lair:1   | Found a frozen archway.
  8776 | Lair:1   | Reached ***** piety under Makhleb
  8790 | Lair:1   | Found a dark tunnel.
  8813 | Volcano  | Entered a volcano
  8927 | IceCv    | Entered an ice cave
  9018 | Lair:1   | Reached skill level 10 in Axes
  9147 | Lair:1   | Noticed an eight-headed hydra
  9167 | Lair:1   | Killed an eight-headed hydra
  9244 | Lair:2   | Found a staircase to the Shoals.
  9245 | Lair:2   | Found a white marble altar of Elyvilon.
  9468 | Lair:2   | Reached skill level 5 in Maces & Flails
  9582 | Lair:2   | Reached skill level 11 in Axes
  9628 | Lair:2   | Noticed a dire elephant
  9653 | Lair:2   | Noticed Statics's ghost (journeyman DsMo)
  9720 | Lair:2   | HP: 1/102 [elephant (12)]
  9725 | Lair:2   | Reached XP level 12. HP: 103/110 MP: 5/5
  9737 | Lair:2   | Reached skill level 12 in Axes
  9929 | Lair:2   | Killed Statics's ghost
 10498 | Lair:2   | Killed a dire elephant
 10498 | Lair:2   | Reached skill level 13 in Axes
 10789 | Lair:3   | Noticed Fannar
 10845 | Lair:3   | Killed Fannar
 11009 | Lair:3   | Noticed Nergalle
 11010 | Lair:3   | Noticed Rupert
 11070 | Lair:3   | Mangled by Rupert

Skill      XL: |  1  2  3  4  5  6  7  8  9 10 11 12 |
---------------+-------------------------------------+-----
Fighting       | 3 4 5 6 7 |  7.7
Axes           | 3 4 5 6 8 9 11 13 | 13.8
Armour         | 4 5 6 7 8 9 |  9.1
Shields        | 4 5 6 7 8 9 |  9.2
Evocations     | 3 6 8 |  8.0
Maces & Flails | 1 7 9 |  9.4

Action                   |  1- 3 |  4- 6 |  7- 9 | 10-12 || total
-------------------------+-------+-------+-------+-------++-------
Melee: War axe           |    93 |   196 |   482 |   808 ||  1579
       Whip              |       |       |       |   296 ||   296
Invok: Minor Destruction |       |       |       |     2 ||     2
 Abil: Heal Wounds       |     1 |     1 |     9 |    80 ||    91
Evoke: Wand              |       |       |       |     2 ||     2
  Use: Scroll            |       |       |     9 |     9 ||    18
       Potion            |       |       |     1 |       ||     1
 Stab: Paralysed         |       |       |     1 |       ||     1
  Eat: Chunk             |       |     6 |    10 |    13 ||    29
       Ration            |       |       |     2 |     2 ||     4
Armor: Scale mail        |    40 |    99 |   213 |       ||   352
       Chain mail        |       |       |    24 |   762 ||   786
Dodge: Dodged            |    32 |    61 |   166 |   462 ||   721
       Deflected         |       |       |       |     3 ||     3
Block: Shield            |    45 |   112 |   297 |    47 ||   501
       Buckler           |       |       |       |   472 ||   472
